noty, neutral male scurrid Tourist --- .@. @@@@@@@@@@@@ noty the Rambler Experience level: 1 Strength: 10 Dexterity: 9 Constitution: 14 Intelligence: 15 Wisdom: 9 Charisma: 18 Health: 0(9) Energy: 2(2) Def: 0 Gold: 452 Moves: 60 Dungeon seed: uVDOUgiao22EBbvM Game ID: noty_1498606250 Your Inventory: Coins $ - 452 gold pieces Weapons a - 45 uncursed +2 darts (in quiver) Armor e - an uncursed +0 Hawaiian shirt (being worn) Comestibles b - 5 uncursed food rations c - 2 uncursed eggs d - an uncursed carrot f - 2 uncursed cream pies Scrolls h - 4 uncursed scrolls of magic mapping Potions g - 2 uncursed potions of extra healing Wands k - an uncursed wand of secret door detection (0:14) Tools i - an uncursed expensive camera (0:75) j - an uncursed credit card l - an uncursed towel Spells and supernatural/magical abilities: Name Level Category Fail Memory W - pray for help -- divine ? -- Your skills at the end: Miscellaneous Skills wands [Basic] Weapon Skills dart [Basic] Spellcasting Skills Final Attributes: You were devoutly aligned. You had infravision. You were very stealthy. You are dead. Voluntary challenges: You went without food. You did not adorn yourself with jewelry or accessories. You did not cause conflict. You were not invisible. You did not have reflection. You were not displaced. You were an atheist. You never hit with a wielded weapon. You were a pacifist. You did not use tools. You did not use plumbed fixtures. You did not drink any magical draughts. You were illiterate. You never genocided any monsters. You never polymorphed an object. You never changed form. You used no wishes. You never split a pudding. You never wrote Elbereth's name. You never violated your personal moral code. Dungeon overview: The Dungeons of Doom: levels 1 to 16 Level 1 a sink a long staircase Level 2 Level 3 Level 4 Level 5 Level 6 Level 7 Level 8 Level 9 a fountain Level 10 Level 11 Level 12 Level 13 a fountain Level 14 a scroll shop Level 15 Level 16 <- You were here History has recorded: On T:1 you entered the Dungeons of Doom to retrieve the Amulet of Yendor! On T:26 you reached level 2 of The Dungeons of Doom. On T:28 you reached level 3 of The Dungeons of Doom. On T:31 you reached level 4 of The Dungeons of Doom. On T:33 you reached level 5 of The Dungeons of Doom. On T:35 you reached level 6 of The Dungeons of Doom. On T:37 you reached level 7 of The Dungeons of Doom. On T:40 you reached level 8 of The Dungeons of Doom. On T:42 you reached level 9 of The Dungeons of Doom. On T:44 you reached level 10 of The Dungeons of Doom. On T:48 you reached level 11 of The Dungeons of Doom. On T:50 you reached level 12 of The Dungeons of Doom. On T:52 you reached level 13 of The Dungeons of Doom. On T:55 you reached level 14 of The Dungeons of Doom. On T:57 you reached level 15 of The Dungeons of Doom. On T:59 you reached level 16 of The Dungeons of Doom. Score breakdown: Gold: 37 ( 3 points) Experience: 1 level ( 0 points) Exploration: 16 levels ( 450 points) Discoveries: 0 items ( 0 points) Variety of kills: 0 monsters ( 0 points) Major goal: (nothing yet) ( 0 points) Survival: died (score multiplied by 3) Total score: 1359 Latest messages: You fall through... "Aloha, noty! Welcome to Kilmihil's second-hand bookstore!" You receive a faint telepathic message from Twoflower: Your help is urgently needed at Ankh-Morpork! Look for a ...ic transporter. You couldn't quite make out that last message. You see here a scroll labeled LOREM IPSUM SIT AMET (267 zorkmids). You start digging downward. "Be careful, sir, or you might fall through the floor." You continue digging downward. You dig a pit in the floor. You continue digging downward. You dig a hole through the floor. You fall through... You start digging downward. You continue digging downward. You dig a pit in the floor. You continue digging downward. You dig a hole through the floor. You fall through... You enter a military barracks! The soldier wields a dagger! You start digging downward. The soldier thrusts his dagger at you. The soldier stabs you! You die... Final status: Aloha noty the Tourist, killed by a soldier... You died in The Dungeons of Doom on dungeon level 16 with 1359 points, and 452 pieces of gold, after 60 moves. You were level 1 with a maximum of 9 hit points when you died.